 Dungeon Crawl Stone Soup version 0.31-a0-460-g9e667d4245 (webtiles) character file.

Game seed: 1593648721766895953

350 Ofeo the Changeling (level 6, -3/42 HPs)
             Began as a Demonspawn Shapeshifter on Aug 4, 2023.
             Was a Follower of Hepliaklqana.
             Killed by nerve-wracking pain
             ... invoked by a shadow imp
              (12 damage)
             ... on level 5 of the Dungeon.
             The game lasted 00:05:15 (4335 turns).

Ofeo the Changeling (Demonspawn Shapeshifter)       Turns: 4335, Time: 00:05:16

Health: -3/42      AC:  3    Str: 15    XL:     6   Next: 33%
Magic:  0/6        EV: 13    Int:  9    God:    Hepliaklqana [*.....]
Gold:   193        SH:  0    Dex: 20    Spells: 5/5 levels left

rFire   . . .        a - +0 sling
rCold   . . .        h - orb {*Rage}
rNeg    . . .        o - +0 leather armour
rPois   .            (helmet currently unavailable)
rElec   .            (cloak currently unavailable)
rCorr   .            (gloves currently unavailable)
SInv    .            (boots currently unavailable)
Will    .....        m - amulet of guardian spirit
Stlth   +++          g - ring of wizardry
HPRegen 0.27/turn    (no ring)
MPRegen 0.10/turn

%: random rage (20%), guardian spirit, wizardry (x1)
@: beast-form
A: beast (slay +2), reduced essence, thin skeletal structure 2, demonic guardian
1
a: Begin Untransformation, Renounce Religion, Recall Ancestor, Ancestor Identity


You were on level 5 of the Dungeon.
You worshipped Hepliaklqana.
Hepliaklqana was aware of your devotion.
You were a hulking beast.
You visited 1 branch of the dungeon, and saw 6 of its levels.

You collected 193 gold pieces.

Inventory:

Hand Weapons
 a - a +0 sling (weapon)
Armour
 h - an orb of wrath (worn)
 o - a +0 leather armour (worn)
 s - a scarf of repulsion
Jewellery
 g - a ring of wizardry (left hand)
 m - an amulet of guardian spirit (around neck)
Talismans
 c - a beast talisman (active)
Scrolls
 d - 2 scrolls of torment
 i - a scroll of identify {@r1}
 j - a scroll of teleportation {@r3}
 k - a scroll of immolation {unknown}
 r - a scroll of silence {unknown}
Potions
 e - a potion of attraction {unknown}
 f - a potion of invisibility {unknown}
 l - a potion of might {unknown}
 n - 2 potions of mutation {unknown}
 p - a potion of enlightenment {unknown}
 q - a potion of curing {@q1}
 t - a potion of ambrosia {unknown}


   Skills:
 + Level 3.2 Fighting
 + Level 2.0 Ranged Weapons
 + Level 3.4 Dodging
 - Level 3.1 Unarmed Combat
 + Level 3.6 Shapeshifting


You had 5 spell levels left.
You didn't know any spells.
Your spell library contained the following spells:

 Spells                   Type           Power      Damage    Failure   Level
 Cigotuvi's Dreadful Rot  Necr/Pois/Air  0%         N/A       28%         2
 Static Discharge         Conj/Air       0%         2-2/arc   28%         2
 Ignite Poison            Fire/Tmut/Pois 0%         N/A       50%         3
 Airstrike                Air            0%         2d(0-16)  86%         4
 Summon Lightning Spire   Summ/Air       0%         N/A       86%         4
 Freezing Cloud           Conj/Ice/Air   0%         6-21      99%         5


Dungeon Overview and Level Annotations

Branches:
Dungeon (6/15)             Temple (0/1) D:6

Altars:
Cheibriados
Hepliaklqana
Uskayaw
Yredelemnul

Annotations:
D:6 Menkaure


Innate Abilities, Weirdness & Mutations

You are a hulking beast.
Your limbs bulge with bestial killing power. (Slay +2)
Your life essence is reduced to manifest your ancestor. (-10% HP)
You have a moderately thin skeletal structure. (Dex +4, Stealth++)
A weak demonic guardian rushes to your aid.


Message History

There are monsters nearby!
Tiberius hits Menkaure.
A bat skeleton comes into view.
Tiberius hits Menkaure.
The shadow imp hits you but does no damage.
The bat skeleton hits Tiberius but does no damage. x2
Menkaure calls on the powers of darkness!
Your body is wracked with pain!
Tiberius hits the bat skeleton.
The bat skeleton hits Tiberius but does no damage.
The shadow imp hits you.
* * * LOW HITPOINT WARNING * * *
You take 13 damage, and have 12/42 hp.
MASSIVE DAMAGE!!
You now have 1/6 mp.
The bat skeleton closely misses Tiberius.
The bat skeleton hits Tiberius but does no damage.
Tiberius hits the bat skeleton!
The bat skeleton is destroyed!
Menkaure calls on the powers of darkness!
Your body is wracked with pain!
* * * LOW HITPOINT WARNING * * *
A demonic guardian appears!
You take 4 damage, and have 8/42 hp.
You now have 0/6 mp.
The shadow imp attacks as you move away!
The shadow imp closely misses you.
Your shadow imp hits the shadow imp.
There is a stone staircase leading up here.
The shadow imp barely misses you.
Your shadow imp hits the shadow imp but does no damage.
You climb upwards.
Your summoned ally is left behind.
Found 16 gold pieces.
Found an escape hatch in the floor.
There is a stone staircase leading down here.
You are too injured to fight recklessly!
You are too injured to fight recklessly!
You don't have enough magic at the moment.
Fire: a) +0 sling
Press: ? - help, Q - select action, (/) - cycle Shift-Dir - straight line, f - shadow imp
Aim: a shadow imp (lightly wounded, 62% to hit)
You shoot a sling bullet.
The sling bullet closely misses the shadow imp.
The shadow imp gestures at you. Pain shoots through your body!
You die...

#..$ #..
... #
....#
#.#. #..
#.#####5#
.......h#
#.#####.#
#.# #.#
#.# #.#
#.# #>#


You could see a shadow imp.

Vanquished Creatures
  An ogre (D:6)
  A jelly (D:4)
  An orc wizard (D:4)
  An iguana (D:6)
  5 adders
  A worm (D:3)
  A dart slug (D:2)
  4 orcs
  5 bats
  A bat skeleton (D:6)
  3 endoplasms
  3 giant cockroaches
  6 hobgoblins
  A quokka (D:3)
  10 ball pythons
  2 frilled lizards (D:2)
  5 goblins
  4 kobolds
  3 rats
58 creatures vanquished.

Vanquished Creatures (collateral kills)
  A scorpion (D:4)
  An adder (D:2)
  3 bat skeletons (D:6)
  A bat zombie (D:6)
  An endoplasm (D:2)
7 creatures vanquished.

Vanquished Creatures (others)
  An ancestor (D:6)
1 creature vanquished.

Grand Total: 66 creatures vanquished

Notes
Turn   | Place    | Note
-------+----------+-------------------------------------------
     0 | D:1      | Ofeo the Demonspawn Shapeshifter began the quest for the
                  | Orb.
     0 | D:1      | Reached XP level 1. HP: 15/15 MP: 1/1
   412 | D:1      | Gained mutation: You have a somewhat thin skeletal
                  | structure. (Dex +2, Stealth+) [demonic ancestry]
   412 | D:1      | Reached XP level 2. HP: 19/21 MP: 2/2
  1055 | D:2      | Gained mutation: A weak demonic guardian rushes to your
                  | aid. [demonic ancestry]
  1055 | D:2      | Reached XP level 3. HP: 26/26 MP: 1/3
  1966 | D:2      | Found a basalt altar of Yredelemnul.
  2187 | D:3      | Found a hazy altar of Hepliaklqana.
  2193 | D:3      | Gained mutation: You have a moderately thin skeletal
                  | structure. (Dex +4, Stealth++) [demonic ancestry]
  2193 | D:3      | Reached XP level 4. HP: 33/33 MP: 4/4
  2205 | D:3      | Became a worshipper of Hepliaklqana the Forgotten
  3257 | D:3      | Found a snail-covered altar of Cheibriados.
  3539 | D:4      | Reached skill level 1 in Ranged Weapons
  3539 | D:4      | Reached XP level 5. HP: 39/39 MP: 5/5
  3678 | D:4      | Reached * piety under Hepliaklqana
  3754 | D:4      | You fall into a shaft and drop 2 floors!
  4032 | D:6      | Noticed an ogre
  4069 | D:6      | Killed an ogre
  4070 | D:6      | Reached XP level 6. HP: 42/42 MP: 3/6
  4289 | D:6      | Noticed a +0 spear
  4289 | D:6      | Noticed a +0 short sword
  4290 | D:6      | Noticed a +0 dagger
  4290 | D:6      | Noticed a +0 spear
  4290 | D:6      | Noticed a +0 dagger
  4290 | D:6      | Noticed a +0 falchion
  4290 | D:6      | Noticed a +0 short sword
  4290 | D:6      | Noticed a +0 falchion
  4295 | D:6      | Found a hide-covered altar of Uskayaw.
  4324 | D:6      | Noticed Menkaure
  4334 | D:5      | Entered Level 5 of the Dungeon
  4335 | D:5      | Killed from afar by a shadow imp

Illustrated notes

Levels and vault maps discovered:
D:1:      kennysheep_arrival_seaside, layout_rooms, minmay_misc_feat_pillars,
          minmay_misc_feat_roman
D:2:      layout_basic, basic_altar
D:3:      layout_basic, overflow_temple_1_default, lemuel_crystal_altar,
          hellmonk_ecumenical_altar_watching_god
D:4:      layout_basic, mainiacjoe_overflow_brackets,
          mainiacjoe_overflow_catwalk
D:5:      layout_basic, nicolae_qazlal_beasts_of_the_sky,
          nicolae_ru_path_of_blood, corexii_shack, saegor_snake_ambush
D:6:      layout_basic, mainiacjoe_overflow_alcove_4, nicolae_uskayaw_en_pointe,
          lemuel_tele_altar, kennysheep_vampire_church,
          minmay_temple_entry_from_below_a, uniq_menkaure

Skill      XL: |  1  2  3  4  5 |
---------------+----------------+-----
Dodging        | 2 3 |  3.4
Unarmed Combat | 3 |  3.1
Shapeshifting  | 3 |  3.6
Fighting       | 2 3 |  3.2
Ranged Weapons | 1 2 |  2.0

Action                     |  1- 3 |  4- 6 || total
---------------------------+-------+-------++-------
  Melee: Unarmed           |    85 |    12 ||    97
   Fire: Sling             |       |    79 ||    79
 Invoke: Recall Ancestor   |       |     1 ||     1
    Use: Scroll            |     4 |     3 ||     7
         Potion            |       |     2 ||     2
   Stab: Sleeping          |     9 |       ||     9
 Armour: Animal skin       |     9 |     1 ||    10
         Leather armour    |       |    16 ||    16
  Dodge: Dodged            |    40 |    40 ||    80

Table legend: (Time is in decaauts)
 A = Elapsed time spent in this place.
 B = Non-inter-level travel time spent in this place.
 C = Inter-level travel time spent in this place.
 D = Time resting spent in this place.
 E = Time spent auto-exploring this place.
 F = Levels seen in this place.
 G = Mean time per level.
                   A        B        C        D        E       F      G
               +--------+--------+--------+--------+--------+-----+--------+
         Total |   4471 |   4177 |    294 |    389 |   3163 |   6 |  745.2 |
       Dungeon |   4471 |   4177 |    294 |    389 |   3163 |   6 |  745.2 |
               +--------+--------+--------+--------+--------+-----+--------+

Top non-repeatable levels by time:
     D:2: 1381 daAuts
     D:3: 1160 daAuts
     D:1: 875 daAuts
     D:6: 593 daAuts
     D:4: 459 daAuts
     D:5: 0 daAuts
